 Dungeon Crawl Stone Soup version 0.31-a0-986-g5e6e4ef867 (webtiles) character file.

Game seed: 2506324647480746940

291 Naiya55 the Chopper (level 6, 0/51 HPs)
             Began as a Formicid Fighter on Nov 4, 2023.
             Slain by an ogre
             ... wielding a +0 giant spiked club
              (18 damage)
             ... on level 4 of the Dungeon.
             The game lasted 00:05:12 (2776 turns).

Naiya55 the Chopper (Formicid Fighter)              Turns: 2776, Time: 00:05:13

Health: 0/51       AC:  6    Str: 22    XL:     6   Next: 59%
Magic:  6/6        EV:  9    Int:  8    God:
Gold:   185        SH:  5    Dex: 13    Spells: 5/5 levels left

rFire   . . .        a - +0 war axe
rCold   . . .        c - +0 buckler
rNeg    . . .        b - +0 scale mail
rPois   .            (helmet unavailable)
rElec   .            (no cloak)
rCorr   .            (no gloves)
SInv    +            (no boots)
Will    .....        (no amulet) Stlth
                     (no ring)
HPRegen 0.28/turn    (no ring)
MPRegen 0.10/turn

%: no passive effects
@: no status effects
A: permanent stasis, dig shafts and tunnels, antennae 3, four strong arms
a: Dig, Shaft Self


You were on level 4 of the Dungeon.
You visited 1 branch of the dungeon, and saw 4 of its levels.

You collected 185 gold pieces.

Inventory:

Hand Weapons
 a - a +0 war axe (weapon)
 i - a +0 flail
Missiles
 h - a throwing net
Armour
 b - a +0 scale mail (worn)
 c - a +0 buckler (worn)
Scrolls
 f - a scroll of fear {unknown}
 g - a scroll of noise {unknown}
 j - 2 scrolls of enchant weapon {unknown}
 l - a scroll of poison {unknown}
 m - a scroll of teleportation {unknown}
 n - a scroll of blinking {unknown}
 o - a scroll of identify {unknown}
 p - 3 scrolls of vulnerability {unknown}
 q - a scroll of acquirement {unknown}
 s - a scroll of amnesia {unknown}
Potions
 d - a potion of might
 e - 2 potions of heal wounds {unknown}
 k - 2 potions of berserk rage {unknown}
 r - 2 potions of resistance {unknown}


   Skills:
 + Level 5.1 Fighting
 * Level 5.4 Axes
 - Level 3.2 Armour
 - Level 4.0 Shields


You had 5 spell levels left.
You didn't know any spells.
Your spell library contained the following spells:

 Spells                   Type           Power      Damage    Failure   Level
 Summon Small Mammal      Summ           0%         N/A       80%         1
 Poisonous Vapours        Pois/Air       0%         N/A       91%         2
 Call Canine Familiar     Summ           0%         N/A       99%         3
 Mephitic Cloud           Conj/Pois/Air  0%         N/A       99%         3
 Sigil of Binding         Hex            0%         N/A       99%         3
 Summon Guardian Golem    Hex/Summ       0%         N/A       99%         3
 Dimensional Bullseye     Hex/Tloc       0%         N/A       100%        4
 Leda's Liquefaction      Hex/Erth       0%         N/A       100%        4
 Freezing Cloud           Conj/Ice/Air   0%         6-21      100%        5
 Starburst                Conj/Fire      0%         6d3       100%        6
 Monstrous Menagerie      Summ           0%         N/A       100%        7
 Orb of Destruction       Conj           0%         9d5       100%        7


Dungeon Overview and Level Annotations

Branches:
Dungeon (4/15)
 Temple: D:4-7

Altars:
Uskayaw

Shops:
D:1 =   D:2 (=[


Innate Abilities, Weirdness & Mutations

You cannot be hasted, slowed, berserked, paralysed or teleported.
You can dig through walls and to a lower floor.
You have a pair of large antennae on your head. (SInv)
Your four strong arms can wield two-handed weapons with a shield.


Message History

You sense a monster nearby.
You now have 185 gold pieces (gained 13).
You sense a monster nearby.
You sense a monster nearby.
A ball python comes into view.
A ball python is nearby!
You barely miss the ball python.
The ball python bites you but does no damage.
The ball python closely misses you.
You closely miss the ball python. The ball python closely misses you.
The ball python barely misses you. The ball python closely misses you.
You block the ball python's attack.
You closely miss the ball python. The ball python barely misses you.
The ball python grabs you. The ball python constricts you.
You slash the ball python!
You kill the ball python!
No target in view!
No target in view!
No target in view!
No target in view!
No target in view!
No target in view!
No target in view!
No target in view!
No target in view!
No target in view!
Found 4 stones.
You see here 4 stones.
The ogre shouts!
An ogre is nearby!
Okay, then.
You barely miss the ogre.
The ogre hits you with a +0 giant spiked club!
You hit the ogre.
The ogre is lightly wounded.
The ogre hits you with a +0 giant spiked club!!
You slash the ogre!
The ogre is severely wounded.
The ogre hits you with a +0 giant spiked club!!
You die...

#...###########
#...<.........######
#.).#########.##...## ########O##
###.#.....###### #..g..g..######
#...............
#.#####.......###.#.#.....##.###
#.# ##.##.....................#
#.# ##...#.##.##..#.##..###.....
#.# #.........O@....##..# #..#.#
##.# #....#.##.....####..###..#.#
..g# #...............##.....<.#.#
...###......####.#.#.###.####.#..
........##.#.# #.#.#.....# #..#.
..........###.##.#.. .#### #.###
....##.###.# ###.#..... #..#.
.#..##.# .# #.#....## #.#.#
.#...... # ..#.#


You could see an ogre.

Vanquished Creatures
  2 hounds (D:4)
  An orc wizard (D:4)
  A sleepcap (D:4)
  4 gnolls (D:2)
  4 adders
  4 worms (D:2)
  A dart slug (D:1)
  7 orcs
  10 endoplasms
  A giant cockroach (D:1)
  9 goblins
  9 hobgoblins
  4 jackals (D:2)
  4 kobolds
  4 quokkas
  8 ball pythons
  3 bats
  4 frilled lizards
  2 rats
82 creatures vanquished.

Notes
Turn   | Place    | Note
-------+----------+-------------------------------------------
     0 | D:1      | Naiya55 the Formicid Fighter began the quest for the Orb.
     0 | D:1      | Reached XP level 1. HP: 18/18 MP: 1/1
    79 | D:1      | Reached XP level 2. HP: 22/24 MP: 2/2
   229 | D:1      | Reached XP level 3. HP: 28/30 MP: 3/3
   286 | D:1      | Found Keit's Jewellery Shoppe.
   685 | D:2      | Found Afol Nie's Antique Weapon Shop.
   693 | D:2      | Identified the +0 dagger "Zyide" {protect, rC++ Dex-4}
   728 | D:2      | Reached XP level 4. HP: 35/37 MP: 4/4
   940 | D:2      | Reached XP level 5. HP: 42/42 MP: 5/5
   963 | D:2      | Found Sukkept's Magic Scroll Boutique.
  1164 | D:2      | Found Rodiufe's Jewellery Emporium.
  1459 | D:2      | Found Pucuwk's Antique Armour Shoppe.
  2018 | D:3      | Found a hide-covered altar of Uskayaw.
  2313 | D:4      | Identified the of Rofaepyen
  2337 | D:4      | Reached XP level 6. HP: 35/49 MP: 6/6
  2372 | D:4      | Reached skill level 5 in Axes
  2473 | D:4      | Reached skill level 5 in Fighting
  2575 | D:4      | Noticed an ogre
  2776 | D:4      | Slain by an ogre

Illustrated notes

Levels and vault maps discovered:
D:1:      tarquinn_simple_flora_water_b, layout_basic, serial_shops,
          nicolae_shop_advertising_works [nicolae_subvault_shop_adworks],
          kennysheep_minor_cross, ebering_dispersal_statue_hall
D:2:      layout_loops_ring, serial_glass, glass_columns_b, glass_columns_c,
          glass_columns_a, glass_columns_b, serial_shops,
          nicolae_shop_gaudy_bauble, shop, shop, nicolae_shop_tiny_waterfront,
          minmay_goblin_outpost
D:3:      layout_loops_ring, nicolae_uskayaw_dance_hall
D:4:      layout_loops_ring, nicolae_ashenzari_panopticon,
          overflow_temple_1_default, minmay_temple_entry_overgrown,
          minmay_misc_feat_enclosed, minmay_surrounded

Skill      XL: |  1  2  3  4  5  6 |
---------------+-------------------+-----
Axes           | 3 4 5 |  5.4
Fighting       | 4 5 |  5.1
Armour         | |  3.2
Shields        | |  4.0

Action                     |  1- 3 |  4- 6 || total
---------------------------+-------+-------++-------
  Melee: War axe           |    61 |   171 ||   232
Ability: Dig               |       |     2 ||     2
 Armour: Scale mail        |    40 |   107 ||   147
  Dodge: Dodged            |    39 |    84 ||   123
  Block: Buckler           |    11 |    51 ||    62

Table legend: (Time is in decaauts)
 A = Elapsed time spent in this place.
 B = Non-inter-level travel time spent in this place.
 C = Inter-level travel time spent in this place.
 D = Time resting spent in this place.
 E = Time spent auto-exploring this place.
 F = Levels seen in this place.
 G = Mean time per level.
                   A        B        C        D        E       F      G
               +--------+--------+--------+--------+--------+-----+--------+
         Total |   2851 |   2755 |     96 |      0 |   2080 |   4 |  712.8 |
       Dungeon |   2851 |   2755 |     96 |      0 |   2080 |   4 |  712.8 |
               +--------+--------+--------+--------+--------+-----+--------+

Top non-repeatable levels by time:
     D:2: 931 daAuts
     D:3: 786 daAuts
     D:1: 680 daAuts
     D:4: 453 daAuts
